Map: Ruins of Endion

Players

Ace

  • Race: Protoss Protoss
  • League: Silver
  • Spawn Location: 7:00

Fropez - Winner!

  • Race: Protoss Protoss
  • League: Silver
  • Spawn Location: 5:00

VOD

Have the link to the VOD?

Description

Time

  • Played on: May 11, 2016, 4:01 p.m.
  • Length: 14:47
Show
View Real Time Build Order
Export as new Build Order

Ace Protoss 

Build Orders:  

Get SALT Encoding   

  12  0:11  Pylon  
  12  0:14  Probe (Chrono Boost)  
  13  0:25  Probe (Chrono Boost)  
  14  0:37  Gateway  
  14  0:38  Probe (Chrono Boost)  
  15  0:48  Probe (Chrono Boost)  
  16  0:56  Assimilator  
  16  0:59  Probe (Chrono Boost)  
  17  1:09  Pylon  
  17  1:24  Zealot (Chrono Boost)  
  19  1:34  Probe, Cybernetics Core  
  20  1:46  Probe  
  21  1:58  Probe  
  22  2:12  Adept (Chrono Boost)  
  23  2:59  Assimilator  
  23  3:07  Warp Gate (Chrono Boost)  
  23  3:09  Forge  
  23  3:15  Pylon  
  23  3:17  Probe  
  26  3:27  Adept  
  23  4:12  Gateway  
  23  4:15  Gateway  
  23  4:19  Pylon  
  23  4:23  Pylon  
  23  4:26  Adept  
  23  4:27  Pylon  
  23  4:29  Pylon  
  25  4:32  Mothership Core  
  25  4:37  Pylon  
  27  4:46  Nexus  
  27  4:53  Probe  
  28  5:05  Probe  
  29  5:08  Stalker  
  29  5:09  Adept  
  29  5:12  Adept  
  35  5:17  Probe  
  36  5:25  Robotics Facility  
  36  5:29  Probe  
  37  5:37  Stalker  
  37  5:39  Pylon  
  37  5:41  Probe  
  40  5:45  Protoss Ground Weapons Level 1 (Chrono Boost)  
  40  5:53  Probe  
  41  5:58  Probe  
  42  6:05  Probe  
  42  6:09  Probe  
  44  6:19  Probe  
  44  6:20  Photon Cannon  
  44  6:23  Adept  
  47  6:26  Observer (Chrono Boost)  
  47  6:30  Probe  
  49  6:34  Probe  
  50  6:40  Probe  
  50  6:46  Probe  
  50  6:47  Observer (Chrono Boost)  
  48  6:51  Probe, Stalker  
  50  6:58  Probe  
  50  7:00  Adept  
  53  7:02  Probe, Stalker  
  56  7:13  Probe  
  57  7:20  Photon Cannon  
  57  7:22  Assimilator  
  57  7:26  Assimilator  
  57  7:29  Pylon  
  57  7:31  Protoss Ground Armor Level 1  
  57  7:35  Pylon  
  57  7:38  Adept  
  57  7:42  Stalker  
  57  7:43  Probe  
  61  7:47  Probe  
  61  7:59  Probe  
  58  8:08  Stalker  
  50  8:38  Pylon  
  50  8:40  Pylon  
  50  8:46  Pylon  
  50  8:48  Probe  
  50  8:52  Photon Cannon  
  51  8:56  Photon Cannon  
  51  8:59  Probe  
  51  9:02  Photon Cannon  
  52  9:07  Probe  
  52  9:09  Probe  
  54  9:19  Probe  
  54  9:20  Probe  
  54  9:22  Zealot  
  58  9:31  Probe  
  58  9:33  Protoss Shields Level 1 (Chrono Boost)  
  59  9:44  Probe  
  60  9:54  Twilight Council  
  60  9:56  Probe x2  
  60  9:59  Adept  
  64  10:15  Stargate  
  64  10:19  Pylon, Probe  
  65  10:29  Probe  
  65  10:31  Resonating Glaives (Chrono Boost)  
  66  10:35  Probe  
  67  10:47  Probe  
  68  10:56  Stalker  
  70  11:00  Probe x2  
  72  11:13  Probe  
  73  11:25  Probe  
  67  11:37  Stalker  
  67  11:39  Stalker  
  47  12:19  Probe  
  48  12:23  Probe  
  49  12:31  Probe  
  49  12:35  Probe  
  50  12:40  Pylon  
  50  12:43  Pylon, Probe  
  51  12:44  Stalker  
  51  12:45  Pylon, Stalker  
  51  12:47  Probe  
  51  12:49  Pylon  
  55  12:55  Probe  
  55  13:00  Probe  
  56  13:07  Void Ray, Probe  
  56  13:12  Probe  
  62  13:19  Probe  
  63  13:24  Probe  
  64  13:31  Probe  
  65  13:36  Probe  
  66  13:48  Probe  
  67  14:00  Probe  
  68  14:04  Stalker x2  
  72  14:13  Pylon  
Show
View Real Time Build Order
Export as new Build Order

Fropez Protoss - Winner!

Build Orders:  

Get SALT Encoding   

  12  0:01  Probe (Chrono Boost)  
  13  0:14  Pylon  
  13  0:18  Probe (Chrono Boost)  
  14  0:25  Assimilator  
  14  0:37  Gateway  
  14  0:40  Probe (Chrono Boost)  
  15  0:51  Pylon  
  15  0:53  Probe (Chrono Boost)  
  16  1:04  Probe (Chrono Boost)  
  17  1:16  Probe (Chrono Boost)  
  17  1:18  Assimilator  
  18  1:25  Cybernetics Core  
  18  1:27  Probe (Chrono Boost)  
  19  1:45  Gateway  
  19  1:46  Probe (Chrono Boost)  
  20  2:02  Warp Gate (Chrono Boost), Mothership Core (Chrono Boost)  
  22  2:12  Pylon  
  22  2:13  Adept  
  24  2:29  Pylon  
  24  2:32  Adept  
  25  2:52  Adept  
  25  2:53  Probe  
  25  2:57  Forge  
  28  3:04  Adept  
  30  3:05  Probe  
  31  3:49  Nexus  
  29  4:05  Probe  
  29  4:08  Protoss Ground Weapons Level 1 (Chrono Boost)  
  28  4:11  Adept  
  28  4:12  Adept  
  32  4:17  Probe  
  33  4:25  Gateway  
  33  4:31  Gateway  
  33  4:36  Adept  
  35  4:42  Adept  
  37  5:05  Adept x2, Probe  
  37  5:06  Probe  
  43  5:26  Assimilator  
  43  5:30  Assimilator  
  43  5:48  Adept x3  
  49  5:52  Pylon  
  49  5:57  Protoss Ground Armor Level 1 (Chrono Boost)  
  49  6:03  Probe  
  50  6:05  Probe  
  50  6:07  Twilight Council  
  51  6:15  Probe x2  
  53  6:22  Adept  
  53  6:23  Adept  
  57  6:31  Adept  
  57  7:00  Adept x4  
  65  7:02  Probe  
  65  7:03  Probe  
  67  7:10  Gateway  
  67  7:13  Pylon  
  67  7:16  Resonating Glaives (Chrono Boost), Pylon  
  67  7:19  Probe  
  67  7:21  Probe  
  69  7:32  Adept  
  69  7:33  Adept  
  53  8:26  Adept x4  
  59  8:31  Pylon  
  55  8:42  Templar Archives  
  55  8:43  Protoss Ground Weapons Level 2 (Chrono Boost)  
  55  8:46  Robotics Facility  
  55  8:47  Probe  
  56  8:48  Gateway  
  56  8:50  Probe  
  56  8:51  Pylon  
  57  8:59  Adept x2  
  57  9:00  Adept  
  63  9:06  Adept  
  65  9:13  Probe  
  65  9:14  Probe  
  67  9:20  Adept  
  69  9:24  Adept, Probe  
  69  9:26  Probe  
  69  9:30  Adept  
  75  9:34  Probe  
  75  9:38  Probe  
  78  9:42  Warp Prism (Chrono Boost)  
  79  9:55  High Templar x5  
  89  10:07  Archon x2  
  89  10:12  Probe x2  
  91  10:15  Observer (Chrono Boost)  
  92  10:24  Probe x2  
  94  10:28  High Templar  
  94  10:29  High Templar x3  
  102  10:35  Pylon  
  102  10:38  Pylon  
  102  10:40  Archon x2  
  102  10:53  Probe x2  
  70  11:50  High Templar x3  
  70  11:51  High Templar x2  
  76  12:06  Protoss Ground Weapons Level 3 (Chrono Boost)  
  76  12:07  Assimilator  
  68  12:09  Assimilator  
  68  12:11  Gateway  
  68  12:12  Nexus  
  68  12:14  Pylon, Gateway x2  
  68  12:15  Pylon  
  64  12:16  Pylon x2  
  64  12:20  Gateway  
  64  12:21  Archon x2  
  64  12:22  Archon  
  64  12:25  Forge  
  64  12:27  Pylon  
  64  12:30  Pylon, Zealot x2  
  64  12:31  Zealot x3  
  64  13:04  High Templar x5  
  75  13:12  Probe  
  75  13:13  Probe  
  75  13:16  Immortal (Chrono Boost)  
  80  13:42  High Templar x4  
  80  13:45  Archon x2  
  88  13:48  Zealot  
  88  13:49  Zealot x5  
  88  13:53  Immortal  
  102  14:04  Archon x2  
  102  14:11  Stalker x4  
  102  14:12  Stalker  
  110  14:24  Pylon  
  110  14:26  Pylon  
Tags
 
Matchup
PvP
Replay Pack
All Mines
Spawn Locations
Close Positions
Add a new tag
Caveats
  • Supply blocks, unpowered buildings, or Contaminate may cause inaccurate times.
  • Supply counts are checked every 10 seconds.